 Dungeon Crawl Stone Soup version 0.22-a0-348-gd16d139 (webtiles) character file.

17803 b5mith the Warrior (level 12, -1/123 HPs)
             Began as a Minotaur Berserker on Apr 8, 2018.
             Was a High Priest of Trog.
             Slain by a killer bee (8 damage)
             ... on level 13 of the Dungeon.
             The game lasted 00:32:20 (12377 turns).

b5mith the Warrior (Minotaur Berserker)            Turns: 12377, Time: 00:32:21

Health: -1/123     AC:  9    Str: 27    XL:     12   Next: 22%
Magic:  11/11      EV: 11    Int:  4    God:    Trog [*****.]
Gold:   859        SH:  0    Dex: 14    Spells: 11/11 levels left

rFire    . . .     SeeInvis .   U - +3 great mace (protect)
rCold    . . .     Gourm    .   (shield currently unavailable)
rNeg     + . .     Faith    .   D - +2 scale mail of the Grue {Dex+4}
rPois    .         Spirit   .   (helmet restricted)
rElec    .         Reflect  .   (no cloak)
rCorr    .         Harm     .   V - +0 pair of gloves
MR       .....                  (no boots)
Stlth    ..........             (no amulet)
HPRegen  0.30/turn              w - ring of positive energy
MPRegen  0.12/turn              i - ring of flight

@: lethally poisoned (-1 -> -1), berserk cooldown, slowed, very slow
A: retaliatory headbutt, horns 2
a: Berserk, Trog's Hand, Brothers in Arms, Renounce Religion, Evoke Flight


You were on level 13 of the Dungeon.
You worshipped Trog.
Trog was extremely pleased with you.
You were hungry.

You visited 1 branch of the dungeon, and saw 13 of its levels.
You also visited: Sewer.

You collected 859 gold pieces.

Inventory:

Hand Weapons
 a - a +0 mace
 j - a +0 dire flail
   (You took it off a two-headed ogre on level 10 of the Dungeon)
 t - a +0 morningstar
   (You took it off an orc on level 3 of the Dungeon)
 U - a +3 great mace of protection (weapon)
   (Trog gifted it to you on level 11 of the Dungeon)
Missiles
 h - 5 throwing nets (quivered)
 u - 3 steel tomahawks
 v - 21 tomahawks
Armour
 s - a +0 ring mail
   (You took it off an orc on level 3 of the Dungeon)
 C - a +0 troll leather armour {Purgy}
   (You found it in a sewer)
 D - the +2 scale mail of the Grue (worn) {Dex+4}
   (You found it in a sewer)

   It affects your dexterity (+4).
 Q - the +3 leather armour of the Orb {*Slow Regen+ rCorr Dex+2}
   (You found it on level 10 of the Dungeon)

   It affects your dexterity (+2).
   It increases your rate of regeneration.
   It protects you from acid and corrosion.
   It may slow you when you take damage.
 V - a +0 pair of gloves (worn)
   (You found it on level 12 of the Dungeon)
Jewellery
 i - a ring of flight (right hand)
   (You found it on level 3 of the Dungeon)
 w - a ring of positive energy (left hand)
   (You found it on level 4 of the Dungeon)
 X - an uncursed ring of ice
   (You found it on level 12 of the Dungeon)
Wands
 d - a wand of scattershot (4)
   (You found it on level 9 of the Dungeon)
 p - a wand of flame (26)
   (You found it on level 2 of the Dungeon)
 B - a wand of disintegration (28)
   (You found it on level 6 of the Dungeon)
 F - a wand of random effects (41)
   (You found it on level 6 of the Dungeon)
 H - a wand of clouds (6)
   (You took it off Psyche on level 8 of the Dungeon)
 J - a wand of paralysis (14)
   (You found it on level 8 of the Dungeon)
 M - a wand of polymorph (15)
   (You found it on level 9 of the Dungeon)
 O - a wand of iceblast (13)
   (You found it on level 9 of the Dungeon)
Scrolls
 e - 2 scrolls of identify {@r1}
 f - 10 scrolls of remove curse {@r2}
 g - 2 scrolls of fear {unknown}
 k - 4 scrolls of immolation
 n - a scroll of torment {unknown}
 o - 5 scrolls of teleportation
 r - 2 scrolls of noise {unknown}
 y - 2 scrolls of random uselessness {unknown}
 G - a scroll of magic mapping {unknown}
 I - 3 scrolls of enchant weapon
 P - a scroll of silence {unknown}
 R - a scroll of vulnerability {unknown}
 S - a scroll of enchant armour {unknown}
Potions
 b - a potion of ambrosia {unknown}
 l - 3 potions of agility
 m - 4 potions of might
 q - 4 potions of curing {@q1}
 x - a potion of cancellation {unknown}
 z - 2 potions of heal wounds
 A - 2 potions of lignification {unknown}
 E - a potion of berserk rage {unknown}
 L - a potion of invisibility {unknown}
 N - a potion of resistance {unknown}
Miscellaneous
 K - a fan of gales
   (You found it on level 9 of the Dungeon)
 W - a phantom mirror
Comestibles
 c - 29 rations


   Skills:
 + Level 16.3 Fighting
 + Level 16.3 Maces & Flails
 - Level 2.4 Armour
 - Level 2.1 Dodging


You had 11 spell levels left.
You didn't know any spells.

Dungeon Overview and Level Annotations

Branches:
Dungeon (13/15)            Temple (0/1) D:5            Lair (0/6) D:11
    Orc (0/2) D:12
 Vaults: D:13-14

Altars:
Cheibriados
Fedhas
Gozag
Kikubaaqudgha
Nemelex Xobeh
Sif Muna
Xom
Zin
The Shining One

Shops:
D:12 *=


Innate Abilities, Weirdness & Mutations

You reflexively headbutt those who attack you in melee.
You have a pair of horns on your head.


Message History

A killer bee comes into view.
You closely miss the killer bee.
You feel sick.
You are no longer poisoned.
The killer bee moves out of view.
The killer bee stings you but does no damage.
You completely miss the killer bee. The killer bee stings you.
* * * LOW HITPOINT WARNING * * *
You hammer the killer bee like a gong!!!
You kill the killer bee!
Trog accepts your kill. The killer bee misses you. You furiously retaliate!
You headbutt the killer bee! You bludgeon the killer bee!!
You kill the killer bee!
Trog accepts your kill.
You beat the killer bee like a drum!!!
You kill the killer bee!
Trog accepts your kill.
You miss the killer bee. Your headbutt misses the killer bee.
You are no longer berserk.
You are exhausted.
You feel yourself slow down. The killer bee barely misses you.
You barely miss the killer bee. The killer bee stings you.
* * * LOW HITPOINT WARNING * * *
You are poisoned.
The killer bee poisons you! The killer bee closely misses you.
The killer bee stings you but does no damage.
A killer bee comes into view.
You bludgeon the killer bee!!
You kill the killer bee!
Trog accepts your kill.
You feel sick.
The killer bee stings you but does no damage. x2
You feel sick.
The meliai invokes the aid of its god against you.
Something smites you!
* * * LOW HITPOINT WARNING * * *
The killer bee stings you but does no damage.
The killer bee barely misses you.
The killer bee stings you but does no damage.
The killer bee barely misses you. You furiously retaliate!
You headbutt the killer bee!
You feel sick.
The meliai calls down the wrath of its god upon you.
Something smites you!
* * * LOW HITPOINT WARNING * * *
The killer bee stings you but does no damage.
The killer bee barely misses you. The killer bee stings you!
You die...

#+ #. #. #. # ##' ###'
#############..
#%.cy########...........'..
+y.cyyyyyy@.(.###########..
#.yyy########## #.. #%.y
#.. #.y #.. #. #.. # #..
### # #


You could see a meliai, 2 centaurs and 8 killer bees.

Vanquished Creatures
  A fire dragon (D:12)
  A centaur warrior (D:13)
  The ghost of b5mith the Basher, a journeyman GrFi of Trog (D:11)
  5 two-headed ogres
  A deep elf mage (D:12)
  A cyclops (D:11)
  The ghost of shadewyvern the Ruffian, a novice TrMo of Gozag (D:6)
  Psyche (D:8)
  A gargoyle (D:12)
  3 centaur skeletons (D:12)
  A komodo dragon (D:12)
  A yaktaur (D:12)
  2 trolls
  A meliai (D:13)
  A queen bee (D:13)
  Prince Ribbit (D:5)
  A hippogriff (D:10)
  A wraith (D:12)
  5 yaks (D:9)
  4 wyverns
  A vampire mosquito (D:12)
  A hungry ghost (D:8)
  2 hell hounds (D:11)
  A water moccasin (D:11)
  4 ice beasts
  3 orc warriors
  Purgy (Sewer)
  2 black bears
  4 sky beasts
  A necrophage (D:11)
  2 phantoms
  An eye of draining (D:8)
  3 centaurs
  3 ogres
  A crocodile (D:12)
  3 big kobolds
  The ghost of NervFog the Gusty, an amateur TeAE of Wu Jian (D:3)
  2 bullfrogs (D:8)
  A gnoll sergeant (D:8)
  A wyvern skeleton (D:6)
  3 scorpions
  21 killer bees
  13 wights
  3 howler monkeys (D:7)
  2 crimson imps
  4 jellies
  6 orc priests
  5 hounds
  A gnoll shaman (D:5)
  13 orc wizards
  2 bullfrog skeletons
  7 iguanas
  16 worker ants
  3 hound skeletons
  A howler monkey zombie (D:8)
  9 gnolls
  9 adders
  2 shadow imps
  2 adder skeletons (D:3)
  An adder zombie (D:8)
  2 worms
  3 dart slugs
  3 leopard geckos
  62 orcs
  2 ball pythons
  11 bats
  3 bat zombies (D:9)
  4 giant cockroaches
  5 goblins
  4 hobgoblins
  20 jackals
  13 kobolds
  7 quokkas
  A ball python zombie (D:3)
  8 frilled lizards
  2 quokka skeletons
  5 rats
350 creatures vanquished.

Notes
Turn   | Place    | Note
-------+----------+-------------------------------------------
     0 | D:1      | b5mith the Minotaur Berserker began the quest for the Orb.
     0 | D:1      | Reached XP level 1. HP: 19/19 MP: 0/0
    82 | D:1      | Reached XP level 2. HP: 20/27 MP: 1/1
   352 | D:1      | Reached ** piety under Trog
   353 | D:1      | Reached XP level 3. HP: 27/34 MP: 2/2
  1277 | D:3      | Reached skill level 5 in Maces & Flails
  1277 | D:3      | Reached XP level 4. HP: 32/41 MP: 3/3
  1289 | D:3      | Reached skill level 5 in Fighting
  1810 | D:3      | Reached XP level 5. HP: 35/48 MP: 4/4
  1813 | D:3      | Noticed NervFog's ghost (amateur TeAE)
  1839 | D:3      | Killed NervFog's ghost
  2349 | D:4      | Noticed an ogre
  2357 | D:4      | Killed an ogre
  2357 | D:4      | Reached *** piety under Trog
  2357 | D:4      | Reached XP level 6. HP: 39/58 MP: 5/5
  2620 | D:4      | Found a sparkling altar of Nemelex Xobeh.
  2622 | D:4      | Found a snail-covered altar of Cheibriados.
  2622 | D:4      | Found a glowing silver altar of Zin.
  2622 | D:4      | Found a glowing golden altar of the Shining One.
  2622 | D:4      | Found a shimmering altar of Xom.
  2654 | D:4      | Found an opulent altar of Gozag.
  3009 | D:5      | Entered Level 5 of the Dungeon
  3280 | D:5      | Reached XP level 7. HP: 66/66 MP: 6/6
  3335 | D:5      | Found a staircase to the Ecumenical Temple.
  3666 | D:5      | Found a deep blue altar of Sif Muna.
  3875 | D:5      | Noticed Prince Ribbit
  3881 | D:5      | Killed Prince Ribbit
  3881 | D:5      | Reached XP level 8. HP: 64/75 MP: 7/7
  4174 | D:6      | Found a glowing drain.
  4195 | Sewer    | Entered a sewer
  4222 | Sewer    | Noticed Purgy
  4231 | Sewer    | Killed Purgy
  4304 | Sewer    | Got a faintly glowing scale mail
  4515 | D:6      | Identified the +2 scale mail of the Grue {Dex+4} (You found it in a sewer)
  4533 | D:6      | Reached **** piety under Trog
  4534 | D:6      | Noticed shadewyvern's ghost (novice TrMo)
  4542 | D:6      | Killed shadewyvern's ghost
  4579 | D:6      | Reached skill level 10 in Fighting
  4579 | D:6      | Reached skill level 10 in Maces & Flails
  4586 | D:6      | Found a blossoming altar of Fedhas.
  4970 | D:7      | Reached XP level 9. HP: 86/86 MP: 8/8
  5615 | D:8      | Noticed a troll
  5622 | D:8      | Killed a troll
  5644 | D:8      | Noticed Psyche
  5660 | D:8      | Killed Psyche
  6244 | D:8      | Reached ***** piety under Trog
  6526 | D:8      | Reached XP level 10. HP: 86/99 MP: 9/9
  6536 | D:8      | Noticed a two-headed ogre
  6550 | D:8      | Killed a two-headed ogre
  7058 | D:8      | Noticed a two-headed ogre
  7065 | D:8      | Killed a two-headed ogre
  7581 | D:9      | Found an ancient bone altar of Kikubaaqudgha.
  7633 | D:9      | Noticed a two-headed ogre
  7642 | D:9      | Killed a two-headed ogre
  8362 | D:9      | Found a blossoming altar of Fedhas.
  8569 | D:10     | Entered Level 10 of the Dungeon
  8586 | D:10     | Reached XP level 11. HP: 110/110 MP: 10/10
  8728 | D:10     | Noticed a two-headed ogre
  8738 | D:10     | Killed a two-headed ogre
  9098 | D:10     | Got an ancient leather armour
  9099 | D:10     | Identified the +3 leather armour of the Orb {*Slow Regen+ rCorr Dex+2} (You found it on level 10 of the Dungeon)
  9852 | D:11     | Found a staircase to the Lair.
  9861 | D:11     | Noticed a two-headed ogre
  9864 | D:11     | Received a gift from Trog
 10137 | D:10     | Killed a two-headed ogre
 10757 | D:11     | Noticed b5mith's ghost (journeyman GrFi)
 10767 | D:11     | Killed b5mith's ghost
 10767 | D:11     | Reached skill level 15 in Fighting
 10767 | D:11     | Reached skill level 15 in Maces & Flails
 11469 | D:12     | Noticed a deep elf mage
 11477 | D:12     | Killed a deep elf mage
 11885 | D:12     | Found a staircase to the Orcish Mines.
 11962 | D:12     | Found Vysup's General Store.
 12008 | D:12     | Found Eschilugaf's Jewellery Emporium.
 12141 | D:13     | Noticed a fire dragon
 12144 | D:13     | Noticed an enchanted long sword
 12145 | D:13     | Noticed an enchanted long sword
 12158 | D:12     | Killed a fire dragon
 12158 | D:12     | Reached XP level 12. HP: 99/122 MP: 11/11
 12335 | D:13     | Noticed a centaur warrior
 12344 | D:13     | Killed a centaur warrior
 12377 | D:13     | Slain by a killer bee

Vault maps used:
D:1:      minmay_arrival_stone_box
D:2:      nicolae_overflow_hidden_temple, feat_on_display
D:3:      serial_undead, serial_undead_a, serial_undead_d, serial_undead_b,
          serial_undead_b, serial_undead_f, serial_undead_e, serial_undead_b,
          feat_on_display
D:4:      nicolae_gozag_cash_rules_everything_around_me,
          grunt_temple_overflow_open
D:5:      temple_pool_b, basic_altar, first_ration, uniq_prince_ribbit1
D:6:      kennysheep_mini_moat, cheibrodos_sewer_entry_drain
D:8:      blue_anna_alchemist, kennysheep_generic_room_7, uniq_psyche
D:9:      lemuel_zombie_altar_kikubaaqudgha, minmay_misc_feat_chi,
          fedhas_altar_3
D:11:     minmay_lair_entry_lava, hex_intersection
D:12:     hiddenorc1_lemuel, serial_shops,
          nicolae_shop_competitors_out_of_business, shop, minmay_radiant
D:13:     erik_vaults_1
Sewer:    sewer_big_baddie

Skill      XL: |  1  2  3  4  5  6  7  8  9 10 11 |
---------------+----------------------------------+-----
Fighting       | 4 5 6 7 8 10 12 14 16 | 16.3
Maces & Flails | 4 5 6 7 8 10 12 14 16 | 16.3
Armour         | |  2.4
Dodging        | |  2.1

Action                   |  1- 3 |  4- 6 |  7- 9 | 10-12 || total
-------------------------+-------+-------+-------+-------++-------
Melee: Mace              |    72 |    26 |       |       ||    98
       Headbutt          |    15 |    19 |    42 |    95 ||   171
       Morningstar       |       |    91 |   226 |   205 ||   522
       Great mace        |       |       |       |   179 ||   179
Invok: Berserk           |       |     1 |     3 |     8 ||    12
  Use: Scroll            |       |     6 |     1 |     9 ||    16
       Potion            |       |       |     2 |       ||     2
  Eat: Chunk             |     1 |     8 |     7 |    15 ||    31
       Ration            |       |       |     2 |     3 ||     5
Armor: Animal skin       |    16 |     9 |       |       ||    25
       Ring mail         |       |    20 |    28 |       ||    48
       Scale mail        |       |       |    61 |   130 ||   191
Dodge: Dodged            |    49 |    83 |   142 |   177 ||   451

Table legend:
 A = Spawn XP
 B = Non-spawn XP
 C = Spawn XP percentage of total XP
 D = Spawn monster count
 E = Non-spawn monster count
 F = Spawn count percentage of total count
 G = Total turns spent on level
                    A         B        C        D         E        F      G
               +---------+---------+-------+---------+---------+-------+---------
         Total |       0 |   25434 |   0.0 |       0 |     350 |   0.0 | 12377
               +---------+---------+-------+---------+---------+-------+---------
           D:1 |       0 |      46 |   0.0 |       0 |      27 |   0.0 |   670
           D:2 |       0 |      15 |   0.0 |       0 |       7 |   0.0 |   567
           D:3 |       0 |     318 |   0.0 |       0 |      32 |   0.0 |  1105
           D:4 |       0 |     217 |   0.0 |       0 |      11 |   0.0 |   667
           D:5 |       0 |     859 |   0.0 |       0 |      26 |   0.0 |  1090
           D:6 |       0 |     911 |   0.0 |       0 |      13 |   0.0 |   586
           D:7 |       0 |     928 |   0.0 |       0 |      30 |   0.0 |  1064
           D:8 |       0 |    4574 |   0.0 |       0 |      49 |   0.0 |  1616
           D:9 |       0 |    2902 |   0.0 |       0 |      32 |   0.0 |  1043
          D:10 |       0 |    3259 |   0.0 |       0 |      25 |   0.0 |  2129
          D:11 |       0 |    2735 |   0.0 |       0 |      20 |   0.0 |   701
          D:12 |       0 |    6350 |   0.0 |       0 |      57 |   0.0 |   863
          D:13 |       0 |    2181 |   0.0 |       0 |      15 |   0.0 |   115
         Sewer |       0 |     139 |   0.0 |       0 |       6 |   0.0 |   161
               +---------+---------+-------+---------+---------+-------+---------
